 Dungeon Crawl Stone Soup version 0.26.0-91-g99b343417d (webtiles) character file.

Game seed: 9517317437202266769

1592 DasRunzen the Conjurer (level 8, -10/66 HPs)
             Began as a Demigod Conjurer on Feb 3, 2021.
             Mangled by an orc warrior
             ... wielding a +0 glaive
              (16 damage)
             ... in a bailey.
             The game lasted 00:13:20 (8457 turns).

DasRunzen the Conjurer (Demigod Conjurer)           Turns: 8457, Time: 00:13:20

Health: -10/66     AC:  7    Str: 14    XL:     8   Next: 35%
Magic:  17/17      EV: 14    Int: 22    God:
Gold:   409        SH:  0    Dex: 14    Spells: 12/15 levels left

rFire    . . .     SeeInvis .   t - +3 war axe (flame)
rCold    . . .     Faith    .   (no shield)
rNeg     . . .     Spirit   .   a - +0 robe
rPois    .         Reflect  .   r - +2 hat
rElec    .         Harm     .   (no cloak)
rCorr    .         Rampage  .   (no gloves)
Will     .....                  b - +2 pair of boots
Stlth    ++........             (no amulet)
HPRegen  0.21/turn              (no ring)
MPRegen  0.15/turn              (no ring)

@: no status effects
A: high mp 1
a: no special abilities


You were in a bailey.
You visited 1 branch of the dungeon, and saw 7 of its levels.
You also visited: Bailey.

You collected 409 gold pieces.

Inventory:

Hand Weapons
 t - a +3 war axe of flaming (weapon)
Armour
 a - a +0 robe (worn)
 b - a +2 pair of boots (worn)
 r - a +2 hat (worn)
Wands
 q - a wand of random effects (10)
 s - a wand of polymorph (8)
Scrolls
 h - a scroll of fear {unknown}
 n - 2 scrolls of remove curse
Potions
 c - a potion of mutation {unknown}
 d - a potion of magic {unknown}
 e - a potion of brilliance {unknown}
 f - 3 potions of curing {unknown}
 g - 2 potions of haste
 i - 2 potions of berserk rage {unknown}
 j - 2 potions of might {unknown}
 l - a potion of invisibility {unknown}
 m - a potion of degeneration {unknown}
 p - 2 potions of flight {unknown}
 u - a potion of heal wounds {unknown}


   Skills:
 + Level 4.2 Fighting
 + Level 4.2 Armour
 + Level 4.7 Dodging
 - Level 1.7 Stealth
 + Level 4.3 Spellcasting
 + Level 5.7 Conjurations


You had 12 spell levels left.
You knew the following spells:

 Your Spells              Type           Power        Failure   Level
a - Magic Dart            Conj           100%         1%          1
b - Searing Ray           Conj           60%          1%          2

Your spell library contained the following spells:

 Spells                   Type           Power        Failure   Level
 Dazzling Flash           Conj/Hex       34%          10%         3
 Fulminant Prism          Conj/Hex       8%           32%         4
 Iskenderun's Mystic Bla  Conj/Tloc      17%          32%         4


Dungeon Overview and Level Annotations

Branches:
Dungeon (8/15)             Temple (0/1) D:4          Bailey (1/1)
   Lair: D:8-11

Shops:
D:7 *


Innate Abilities, Weirdness & Mutations

You have an increased reservoir of magic. (+10% MP)


Message History

You barely miss the orc warrior. You hit the orc. You burn the orc.
You kill the orc!
The orc warrior closely misses you.
You hit the orc warrior but do no damage.
The orc warrior closely misses you.
You barely miss the orc warrior. The orc warrior closely misses you.
You hit the orc warrior. You burn the orc warrior.
The orc warrior is lightly wounded.
The orc warrior completely misses you.
You slash the orc warrior! You burn the orc warrior.
The orc warrior is severely wounded.
The orc warrior hits you with a +0 glaive.
You barely miss the orc warrior.
The orc warrior is severely wounded.
The orc warrior hits you with a +0 glaive!!
* * * LOW HITPOINT WARNING * * *
You hit the orc warrior. You burn the orc warrior.
The orc warrior is almost dead.
The orc warrior hits you with a +0 glaive!
You die...

#...# #...#
#########'''#####
##................
##.................
##.......⌠#######⌠..
#≈....#####..)).####
#≈.).##....≈≈≈≈≈....
#≈.@.#.⌠.≈≈≈...≈≈≈.⌠
#≈.o)#..≈≈..≈.≈..≈≈.
#≈..⌠#.≈≈.≈≈≈.≈≈≈.≈≈
#≈..##.≈.≈≈..)..≈≈.≈
#≈..#.≈≈.≈.≈≈≈≈≈.≈.≈
#≈..#.≈.≈≈.≈...≈.≈≈.
#≈..#.≈.≈.≈≈...≈≈.≈.
#≈..#.≈.≈)≈.⌠∩⌠.≈.≈.
#.≈.≈.≈..(..≈.≈.


You could see an orc warrior.

Vanquished Creatures
  3 orc warriors (Bailey)
  A sky beast (D:7)
  An ogre (D:7)
  4 centaurs
  A bullfrog (D:7)
  A scorpion (D:7)
  A centaur zombie (D:7)
  A quasit (D:7)
  2 hounds
  2 orc wizards
  3 iguanas
  2 jellies (D:8)
  Terence (D:2)
  2 worker ants (D:7)
  12 adders
  7 gnolls
  A white imp (D:7)
  An ufetubus (D:5)
  3 worms
  5 leopard geckos
  29 orcs
  4 giant cockroaches
  4 goblins
  8 hobgoblins
  7 jackals
  4 quokkas
  5 bats
  7 frilled lizards
  A giant cockroach zombie (D:5)
  9 kobolds
  6 rats
138 creatures vanquished.

Notes
Turn   | Place    | Note
-------+----------+-------------------------------------------
     0 | D:1      | DasRunzen the Demigod Conjurer began the quest for the Orb.
     0 | D:1      | Reached XP level 1. HP: 14/14 MP: 5/5
   842 | D:1      | Reached XP level 2. HP: 22/22 MP: 4/7
  1027 | D:2      | Learned a level 2 spell: Searing Ray
  1580 | D:2      | Reached XP level 3. HP: 11/27 MP: 5/8
  1581 | D:2      | Reached skill level 1 in Armour
  1790 | D:2      | Reached skill level 1 in Fighting
  2301 | D:2      | Noticed Terence
  2308 | D:2      | Killed Terence
  2309 | D:2      | Reached skill level 4 in Conjurations
  2764 | D:3      | Reached XP level 4. HP: 29/35 MP: 10/10
  3226 | D:3      | Reached XP level 5. HP: 30/41 MP: 8/11
  4120 | D:4      | Found a sparkling altar of Nemelex Xobeh.
  4211 | D:4      | Found a shadowy altar of Dithmenos.
  4273 | D:4      | Found a staircase to the Ecumenical Temple.
  4987 | D:4      | Reached XP level 6. HP: 48/48 MP: 8/13
  5433 | D:5      | Entered Level 5 of the Dungeon
  6241 | D:5      | Reached XP level 7. HP: 53/56 MP: 15/15
  6306 | D:5      | You fall into a shaft and drop 2 floors!
  6485 | D:7      | Reached skill level 5 in Conjurations
  6713 | D:7      | Found Losy's Assorted Antiques.
  7041 | D:7      | Found an iron altar of Okawaru.
  7538 | D:8      | Found a flagged portal.
  7567 | Bailey   | Entered a bailey
  7576 | Bailey   | Reached XP level 8. HP: 55/66 MP: 10/17
  8457 | Bailey   | Mangled by an orc warrior

Illustrated notes

Levels and vault maps discovered:
D:1:      dpeg_arrival_short_road, layout_loops_corners
D:2:      layout_loops_corners, kennysheep_generic_room_2, uniq_terence
D:3:      layout_rooms
D:4:      layout_gridville, nemelex_xobeh_ov_fountains_minmay, temple_doors_e,
          nicolae_dithmenos_shadow_blocks
D:5:      layout_basic
D:7:      layout_cave_pods, serial_shops, nicolae_shop_crystal,
          okawaru_ov_weapons_minmay
D:8:      layout_rooms, enter_bailey_2, minivault_24, kennysheep_small_circle
Bailey:   bailey_polearm_flooded_kennysheep, bailey

Skill      XL: |  1  2  3  4  5  6  7  8 |
---------------+-------------------------+-----
Dodging        | 2 3 4 |  4.7
Spellcasting   | 2 3 4 |  4.3
Armour         | 1 2 3 4 |  4.2
Fighting       | 1 2 3 4 |  4.2
Conjurations   | 4 5 |  5.7
Stealth        | |  1.7

Action                   |  1- 3 |  4- 6 |  7- 9 || total
-------------------------+-------+-------+-------++-------
Melee: Short sword       |    84 |   254 |       ||   338
       War axe           |       |       |    63 ||    63
       Spear             |       |       |    49 ||    49
 Cast: Magic Dart        |    18 |       |     3 ||    21
       Searing Ray       |     6 |    15 |    16 ||    37
  Use: Scroll            |     6 |     4 |     4 ||    14
 Stab: Sleeping          |       |     5 |     2 ||     7
Armor: Robe              |    18 |    96 |    27 ||   141
Dodge: Dodged            |    67 |   241 |   123 ||   431
